 Dungeon Crawl Stone Soup version 0.29-a0-834-g1e95ca9f62 (webtiles) character file.

Game seed: 4380874144922931698

238 buhh the Insei (level 6, 0/51 HPs)
             Began as a Meteoran Transmuter on July 13, 2022.
             Slain by a gnoll
             ... wielding a +0 halberd
              (8 damage)
             ... on level 3 of the Dungeon.
             The game lasted 00:06:14 (1137 turns).

buhh the Insei (Meteoran Transmuter)                Turns: 1137, Time: 00:06:15

Health: 0/51       AC:  5    Str: 11    XL:     6   Next: 54%
Magic:  6/11       EV: 12    Int: 18    God:
Gold:   86         SH:  0    Dex: 16    Spells: 4/10 levels left

rFire   . . .      SeeInvis .     - Unarmed
rCold   . . .      Faith    .   (no shield)
rNeg    . . .      Spirit   .   l - +0 troll leather armour {Pargi}
rPois   .          Reflect  .   (no helmet)
rElec   .          Harm     .   k - +0 cloak
rCorr   .          Rampage  .   (no gloves)
Will    .....                   (no boots)
Stlth   +.........              g - amulet of regeneration
HPRegen 1.77/turn               d - +2 ring of intelligence
MPRegen 0.12/turn               m - ring of wizardry

@: very slightly contaminated, glowing
A: sense surroundings 1, otherworldly, glowing, explore regen
a: no special abilities


You were on level 3 of the Dungeon.
You visited 1 branch of the dungeon, and saw 4 of its levels.

You collected 119 gold pieces.
You spent 33 gold pieces at shops.

Inventory:

Armour
 a - a +0 robe
 k - a +0 cloak (worn)
 l - a +0 troll leather armour (worn) {Pargi}
Jewellery
 d - a +2 ring of intelligence (left hand)
 g - an amulet of regeneration (around neck)
 m - a ring of wizardry (right hand)
Scrolls
 b - a scroll of silence {unknown}
 f - a scroll of fog
 j - a scroll of identify {unknown}
 o - a scroll of magic mapping {unknown}
Potions
 c - 3 potions of resistance {unknown}
 e - 2 potions of flight {unknown}
 h - a potion of heal wounds {unknown}
 i - a potion of brilliance {unknown}
 n - a potion of lignification {!d}
 p - a potion of mutation {unknown}


   Skills:
 + Level 3.6 Fighting
 - Level 2.4 Dodging
 + Level 5.3 Unarmed Combat
 - Level 2.6 Spellcasting
 * Level 4.8 Transmutations


You had 4 spell levels left.
You knew the following spells:

 Your Spells              Type           Power      Damage    Failure   Level
a - Beastly Appendage     Tmut           38%        N/A       1%          1
b - Wereblood             Tmut           19%        N/A       1%          2
c - Spider Form           Tmut/Pois      11%        N/A       11%         3

Your spell library contained the following spells:

 Spells                   Type           Power      Damage    Failure   Level
 Magic Dart               Conj           8%         1d3       9%          1
 Call Imp                 Summ           2%         N/A       13%         2
 Mephitic Cloud           Conj/Pois/Air  2%         N/A       26%         3
 Ice Form                 Ice/Tmut       11%        N/A       32%         4


Dungeon Overview and Level Annotations

Branches:
Dungeon (4/15) Zot: 1274
 Temple: D:4-7

Altars:
Qazlal

Shops:
D:2 =


Innate Abilities, Weirdness & Mutations

You passively map a small area around you.
You are easily found by Zot.
You glow in the dark.
You regain HP and MP as you explore.


Message History

You feel sick.
You feel sick.
You feel sick.
You feel sick.
You are no longer poisoned.
A gnoll comes into view. It is wielding a +0 spear of freezing.
The gnoll shouts!
You hear a shout!
A gnoll comes into view. It is wielding a +0 halberd.
The gnoll shouts!
You miscast Spider Form.
You are very lightly contaminated with residual magic.
Nothing appears to happen.
The gnoll hits you from afar with a +0 spear of freezing.
The gnoll freezes you.
A gnoll comes into view. It is wielding a +0 spear.
The gnoll hits you from afar with a +0 halberd!
You turn into a venomous arachnid creature.
Your +0 cloak melds into your body.
Your +0 troll leather armour {Pargi} melds into your body.
The gnoll barely misses you.
The gnoll hits you with a +0 spear of freezing!
The gnoll freezes you.
The gnoll hits you from afar with a +0 spear!
You bite the gnoll!
The gnoll is heavily wounded.
The gnoll barely misses you.
The gnoll hits you from afar with a +0 halberd.
* * * LOW HITPOINT WARNING * * *
The gnoll misses you.
The gnoll hits you with a +0 spear of freezing.
* * * LOW HITPOINT WARNING * * *
The gnoll freezes you.
* * * LOW HITPOINT WARNING * * *
The gnoll completely misses you.
Your transformation has ended.
Your +0 cloak unmelds from your body.
Your +0 troll leather armour {Pargi} unmelds from your body.
The gnoll closely misses you.
The gnoll hits you from afar with a +0 halberd!
You die...

,, *, * * * , #.......# ###
####.......# #.. ,
#.......##.# #.# # *
#.##....##.####g##.# ,
#^............g..g.#*,
##.#.....##.####@#### ..#*
#..#......#......#####... *
#..#....................#,*,*
....†............######.# ,
#..###...###.....# #..,
#.#...#..# #.....# #.#*
#.#####..# ####### #.# #.#
#..# * #<# #.# #... * #†#


You could see 3 gnolls.

Vanquished Creatures
  Pargi (D:3)
  2 orc wizards (D:3)
  4 adders (D:3)
  A worm (D:2)
  A dart slug (D:2)
  3 orcs (D:3)
  4 endoplasms
  4 giant cockroaches
  5 goblins
  7 hobgoblins
  5 kobolds (D:1)
  5 ball pythons
  3 bats
  A frilled lizard (D:3)
  3 rats
49 creatures vanquished.

Notes
Turn   | Place    | Note
-------+----------+-------------------------------------------
     0 | D:1      | buhh the Meteoran Transmuter began the quest for the Orb.
     0 | D:1      | Reached XP level 1. HP: 16/16 MP: 5/5
    76 | D:1      | Reached XP level 2. HP: 22/23 MP: 6/6
   110 | D:1      | Reached skill level 4 in Unarmed Combat
   319 | D:1      | Reached XP level 3. HP: 20/29 MP: 6/8
   635 | D:2      | Found Pepas's One-of-a-Kind Rings.
   641 | D:2      | Bought a +2 ring of intelligence for 33 gold pieces
   660 | D:2      | Learned a level 2 spell: Wereblood
   664 | D:2      | Learned a level 3 spell: Spider Form
   677 | D:3      | Reached XP level 4. HP: 37/37 MP: 3/9
   684 | D:3      | Reached XP level 5. HP: 41/44 MP: 4/10
   712 | D:3      | Found a stormy altar of Qazlal.
   884 | D:3      | Reached skill level 5 in Unarmed Combat
   982 | D:3      | Noticed Pargi
   989 | D:3      | Killed Pargi
   990 | D:3      | Reached XP level 6. HP: 51/51 MP: 7/11
  1137 | D:3      | Slain by a gnoll

Illustrated notes

Levels and vault maps discovered:
D:1:      scummos_arrival_simple_fountains, layout_basic
D:2:      layout_loops_cross, nicolae_shop_unique_rings, minmay_ruptured
D:3:      layout_loops_cross, old_standard_altar, minmay_misc_feat_room,
          uniq_crazy_yiuf_cottage, uniq_pargi
D:4:      layout_layer_cave, st_stairs_3, chequers_serial_rivers_room_b,
          serial_bayou_ford_a, uniq_natasha, uniq_eustachio

Skill      XL: |  1  2  3  4  5 |
---------------+----------------+-----
Unarmed Combat | 4 5 |  5.3
Fighting       | 2 3 |  3.6
Transmutations | 3 4 |  4.8
Dodging        | |  2.4
Spellcasting   | |  2.6

Action                   |  1- 3 |  4- 6 || total
-------------------------+-------+-------++-------
Melee: Unarmed           |    81 |    67 ||   148
       Kick              |    13 |       ||    13
       Headbutt          |    10 |       ||    10
       Punch             |       |     1 ||     1
 Cast: Beastly Appendage |    10 |     1 ||    11
       Spider Form       |     2 |     5 ||     7
 Abil: End Transformatio |       |     1 ||     1
  Use: Scroll            |     4 |       ||     4
       Potion            |       |     1 ||     1
Armor: Robe              |    17 |     1 ||    18
       Skin              |     1 |    15 ||    16
       Troll leather arm |       |     4 ||     4
Dodge: Dodged            |    50 |    47 ||    97

Table legend: (Time is in decaauts)
 A = Elapsed time spent in this place.
 B = Non-inter-level travel time spent in this place.
 C = Inter-level travel time spent in this place.
 D = Time resting spent in this place.
 E = Time spent auto-exploring this place.
 F = Levels seen in this place.
 G = Mean time per level.
                   A        B        C        D        E       F      G
               +--------+--------+--------+--------+--------+-----+--------+
         Total |   1124 |   1124 |      0 |      7 |      0 |   4 |  281.0 |
       Dungeon |   1124 |   1124 |      0 |      7 |      0 |   4 |  281.0 |
               +--------+--------+--------+--------+--------+-----+--------+

Top non-repeatable levels by time:
     D:3: 390 daAuts
     D:1: 379 daAuts
     D:2: 338 daAuts
     D:4: 15 daAuts
